 Dungeon Crawl Stone Soup version 0.18.1-5-g4a78601 (webtiles) character file.

2130 Chiseanne the Fighter (level 9, -9/85 HPs)
             Began as a Formicid Fighter on May 10, 2016.
             Was an Initiate of Gozag.
             Mangled by an orc warrior
             ... wielding a +1 long sword of protection
              (19 damage)
             ... on level 6 of the Dungeon.
             The game lasted 00:13:06 (5715 turns).

Chiseanne the Fighter (Formicid Fighter)            Turns: 5715, Time: 00:13:07

Health: -9/85      AC:  9    Str: 21    XL:     9   Next: 55%
Magic:  9/9        EV:  7    Int:  8    God:    Gozag
Gold:   288        SH:  9    Dex: 13    Spells: 0 memorised, 8 levels left

rFire  . . .     SeeInvis +     a - +1 war axe
rCold  . . .     Gourm    .     w - +2 scale mail {rPois}
rNeg   . . .     Faith    .     c - +0 shield
rPois  +         Spirit   .     (helmet unavailable)
rElec  .         Dismiss  .     z - -1 cloak
rCorr  .         Reflect  .     (no gloves)
SustAt .         Harm     .     (no boots)
MR     .....                    (no amulet)
Stlth  ..........               (no ring)
                                (no ring)

@: not resistant to hostile enchantments, extremely unstealthy
A: permanent stasis, dig shafts and tunnels, four strong arms, antennae 3
a: Dig, Shaft Self, Potion Petition, Call Merchant, Bribe Branch, Renounce
Religion


You were on level 6 of the Dungeon.
You worshipped Gozag.
Gozag was noncommittal.
You were not hungry.

You visited 2 branches of the dungeon, and saw 7 of its levels.

You collected 348 gold pieces.
You paid 60 gold pieces to Gozag.

Inventory:

Hand Weapons
 a - a +1 war axe (weapon)
 s - a +1 trident of flaming
 B - a +1 whip of electrocution
Missiles
 h - 59 bolts
 n - 48 poisoned needles
 o - 4 tomahawks
 p - 15 sling bullets
 q - 81 stones (quivered)
Armour
 c - a +0 shield (worn)
 w - a +2 scale mail of poison resistance (worn)
 z - a -1 cloak (worn)
Jewellery
 e - a +3 ring of strength {unknown}
 x - an uncursed ring of magical power {unknown}
 A - an uncursed amulet of faith {unknown}
Wands
 d - a wand of teleportation (4/9)
 y - a wand of iceblast (9/15)
Scrolls
 t - a scroll of recharging
 E - a scroll of remove curse
Potions
 b - a potion of flight {unknown}
 i - 3 potions of lignification {unknown}
 j - a potion of cure mutation {unknown}
 k - a potion of invisibility {unknown}
 l - a potion of ambrosia {unknown}
 m - 2 potions of curing {unknown}
 r - 3 potions of haste {unknown}
 u - 2 potions of degeneration {unknown}
 C - a potion of agility {unknown}
 F - 2 potions of brilliance {unknown}
Books
 v - a book of Ice

   Spells                             Type                      Level
   a - Ice Form                       Ice/Transmutation            4
   b - Metabolic Englaciation         Hexes/Ice                    5
   c - Ozocubu's Refrigeration        Ice                          6
   d - Bolt of Cold                   Conjuration/Ice              6
   e - Freezing Cloud                 Conjuration/Ice/Air          6
   f - Simulacrum                     Ice/Necromancy               6
 D - an Akashic Record

   Spells                             Type                      Level
   a - Dispersal                      Translocation                6
   b - Malign Gateway                 Summoning/Translocation      7
   c - Disjunction                    Translocation                8
   d - Controlled Blink               Translocation                8
Comestibles
 f - 2 bread rations
 g - 4 meat rations


   Skills:
 + Level 13.0 Fighting
 - Level 2.0 Axes
 - Level 3.2 Armour
 - Level 3.6 Shields


You had 8 spell levels left.
You didn't know any spells.

Dungeon Overview and Level Annotations

Branches:
Dungeon (6/15)             Temple (1/1) D:6

Altars:
Ashenzari
Cheibriados
Dithmenos
Elyvilon
Fedhas
Gozag
Kikubaaqudgha
Makhleb
Nemelex Xobeh
Okawaru
Pakellas
Qazlal
Ru
Sif Muna
Trog
Vehumet
Xom
Yredelemnul
Zin
The Shining One


Innate Abilities, Weirdness & Mutations

You are under a permanent stasis effect.
You can dig through walls and to a lower floor.
Your four strong arms can wield two-handed weapons with a shield.
You have a pair of large antennae on your head (SInv).


Message History

The orc warrior hits you with a long sword of protection!
You hit the orc warrior but do no damage.
The orc warrior is lightly wounded.
You block the orc warrior's attack.
You closely miss the orc warrior.
The orc warrior is lightly wounded.
The orc warrior hits you with a long sword of protection! x2
* * * LOW HITPOINT WARNING * * *
You hit the orc warrior.
The orc warrior is moderately wounded.
The orc warrior hits you but does no damage.
You hit the orc warrior.
The orc warrior is heavily wounded.
The orc warrior hits you with a long sword of protection!
* * * LOW HITPOINT WARNING * * *
You hit the orc warrior.
The orc warrior is heavily wounded.
The orc warrior hits you with a long sword of protection!!
You die...
Your body crumbles into a pile of gold.

#............##
###...........##
###########..##
##..# #.{# #
#.o## # #.#{## #
#o.##o# #
..[{#@##
....o.###
........#
..#.....# .
##....# ##..%#


You could see an orc warrior.

Vanquished Creatures
  Pikel (D:5)
  Menkaure (D:5)
  Duvessa (D:6)
  An orc warrior (D:6)
  A phantom (D:5)
  An ogre (D:5)
  Blork the orc (D:4)
  A giant frog (D:6)
  Dowan (D:6)
  A crimson imp (D:6)
  A giant frog zombie (D:5)
  5 orc wizards
  5 orc priests
  2 centaur skeletons
  6 worker ants
  Natasha (thrice) (D:4)
  2 hound skeletons
  9 gnolls (D:6)
  2 howler monkey skeletons
  11 adders
  3 shadow imps
  An ooze (D:2)
  An adder skeleton (D:5)
  4 worms (D:3)
  3 dart slugs
  2 giant geckos
  17 orcs
  5 giant cockroaches
  8 goblins
  5 hobgoblins
  8 jackals
  6 quokkas
  3 ball pythons
  6 bats
  2 giant newts (D:2)
  A jackal zombie (D:6)
  4 kobolds
  A quokka zombie (D:4)
  7 rats
143 creatures vanquished.

Notes
Turn   | Place    | Note
--------------------------------------------------------------
     0 | D:1      | Chiseanne the Formicid Fighter began the quest for the Orb.
     0 | D:1      | Reached XP level 1. HP: 18/18 MP: 1/1
   227 | D:1      | Reached XP level 2. HP: 24/25 MP: 2/2
   256 | D:1      | Found a shimmering altar of Xom.
   264 | D:1      | Reached skill level 4 in Fighting
   513 | D:1      | Reached XP level 3. HP: 30/31 MP: 3/3
   988 | D:2      | Reached skill level 5 in Fighting
  1145 | D:2      | Reached XP level 4. HP: 35/39 MP: 4/4
  1906 | D:3      | Reached skill level 6 in Fighting
  1906 | D:3      | Reached XP level 5. HP: 40/46 MP: 5/5
  2097 | D:3      | Found a shattered altar of Ashenzari.
  2106 | D:3      | Found a shadowy altar of Dithmenos.
  2106 | D:3      | Found an oddly glowing altar of Pakellas.
  2109 | D:3      | Found a bloodstained altar of Trog.
  2110 | D:3      | Found a stormy altar of Qazlal.
  2113 | D:3      | Found a burning altar of Makhleb.
  2160 | D:3      | Reached skill level 7 in Fighting
  2160 | D:3      | Reached XP level 6. HP: 28/55 MP: 6/6
  2583 | D:4      | Noticed Natasha
  2593 | D:4      | Killed Natasha
  2614 | D:4      | Noticed Natasha
  2617 | D:4      | Killed Natasha
  2728 | D:4      | Noticed Natasha
  2743 | D:4      | Killed Natasha
  2743 | D:4      | Reached skill level 8 in Fighting
  2743 | D:4      | Reached XP level 7. HP: 53/62 MP: 7/7
  2974 | D:4      | Noticed Blork the orc
  2991 | D:4      | Killed Blork the orc
  2991 | D:4      | Reached skill level 9 in Fighting
  3073 | D:4      | Found an iron altar of Okawaru.
  3250 | D:5      | Entered Level 5 of the Dungeon
  3678 | D:5      | Noticed Menkaure
  3691 | D:5      | Killed Menkaure
  3691 | D:5      | Reached XP level 8. HP: 47/72 MP: 8/8
  3711 | D:5      | Noticed Pikel
  3721 | D:5      | Killed Pikel
  3721 | D:5      | Reached skill level 11 in Fighting
  4382 | D:5      | Reached XP level 9. HP: 61/82 MP: 9/9
  4412 | D:6      | Noticed Dowan
  4413 | D:6      | Noticed Duvessa
  4431 | D:6      | Killed Duvessa
  4431 | D:6      | Reached skill level 12 in Fighting
  4446 | D:6      | Killed Dowan
  4551 | D:6      | Found a staircase to the Ecumenical Temple.
  4576 | Temple   | Entered the Ecumenical Temple
  4631 | Temple   | Became a worshipper of Gozag Ym Sagoz the Greedy
  4783 | D:6      | Found a sacrificial altar of Ru.
  4783 | D:6      | Found a shimmering altar of Xom.
  5538 | D:6      | Reached skill level 13 in Fighting
  5634 | D:6      | Found a glowing silver altar of Zin.
  5715 | D:6      | Mangled by an orc warrior

Skill      XL: |  1  2  3  4  5  6  7  8  9 |
---------------+----------------------------+-----
Fighting       | 4 5 6 7 8 9 11 13 | 13.0
Axes           | |  2.0
Armour         | |  3.2
Shields        | |  3.6

Action                   |  1- 3 |  4- 6 |  7- 9 || total
-------------------------+-------+-------+-------++-------
Melee: War axe           |    93 |   174 |   282 ||   549
 Abil: Dig               |     9 |     9 |     8 ||    26
  Use: Scroll            |       |     6 |     6 ||    12
       Potion            |       |       |     1 ||     1
  Eat: Chunk             |     1 |     7 |     4 ||    12
       Bread ration      |       |       |     2 ||     2
Armor: Scale mail        |    47 |    84 |    94 ||   225
Dodge: Dodged            |    32 |    66 |    93 ||   191
Block: Shield            |    49 |   103 |   154 ||   306
